Monarchs vs Sewer Rats
Created - 16 février 2015 at 18:59
Goals
|
| Monarchs |
1 |
0 |
2 |
3 |
| Sewer Rats |
1 |
3 |
2 |
6 |
|
Shots
|
| Monarchs |
10 |
11 |
5 |
26 |
| Sewer Rats |
7 |
14 |
7 |
28 |
|
1st period
1. Monarchs , Brock Trotter 19 (Cody Franson, Ryan Ellis) at 13:37
2. Sewer Rats , Mark Mancari 30 (Tim Ramholt, Steven Reinprecht) at 13:51
Penalties :
Patrick Bordeleau (Tol) for Holding (Minor) at 9:03
2nd period
3. Sewer Rats , Tim Ramholt 4 (Nick Palmieri, John-Michael Liles) at 4:20
4. Sewer Rats , Ville Leino 25 (Steven Reinprecht, Mark Mancari) at 8:33
5. Sewer Rats , Steven Reinprecht 27 (Ville Leino, John-Michael Liles) at 19:47
Penalties :
Keith Ballard (MAN) for High sticking (Minor) at 0:37
3rd period
6. Monarchs , Jordan Nolan 24 (Ryan Ellis) at 0:14
7. Sewer Rats , Mark Mancari 31 (Steven Reinprecht, Ville Leino) at 2:17 (PP)
8. Monarchs , Tyler Kennedy 10 (Nikolai Kulemin, Jordan Nolan) at 2:48
9. Sewer Rats , Kyle Turris 25 (Tim Ramholt, Ville Leino) at 9:53
Penalties :
Jay Beagle (MAN) for Hooking (Minor) at 2:07, Ville Leino (Tol) for Interference (Minor) at 3:10, Nick Palmieri (Tol) for Hooking (Minor) at 10:46, Tyler Kennedy (MAN) for Boarding (Major) at 11:18
Goalie Stats
James Reimer (MAN), 5 saves from 6 shots - (0,833), 17:43 minutes
Richard Bachman (MAN), 17 saves from 22 shots - (0,773), L, 15-10-1, 42:17 minutes
Jhonas Enroth (Tol), 23 saves from 26 shots - (0,885), W, 16-12-0, 60:00 minutes
Players Stats for Monarchs
Player Name G A P +/- PIM S H SB GA TA FO MP PP MP PK MP
------------------------------------------------------------------------------------
Brock Trotter 1 0 1 1 0 2 0 0 1 0 0/0 14:01 0:00 1:28
Cody Franson 0 1 1 0 0 2 3 0 1 0 0/0 22:51 2:29 2:41
Dana Tyrell 0 0 0 -1 0 1 1 0 0 1 0/2 11:52 0:00 1:31
Frederic St-Denis 0 0 0 0 0 0 0 0 0 0 0/0 8:39 0:00 2:14
Jarret Stoll 0 0 0 1 0 2 2 0 0 0 6/14 17:24 2:21 2:19
Jay Beagle 0 0 0 -1 2 4 0 0 0 1 0/0 10:50 0:10 0:06
Jordan Nolan 1 1 2 -1 0 1 5 0 0 0 9/18 18:26 2:09 0:51
Keith Ballard 0 0 0 -1 2 2 1 1 0 0 0/0 18:06 0:00 1:46
Marek Zagrapan 0 0 0 -1 0 1 2 0 0 0 1/2 10:09 0:13 0:06
Matt Irwin 0 0 0 -1 0 1 0 1 0 1 0/0 20:02 2:29 0:42
Matt Martin 0 0 0 -1 0 0 2 0 0 0 0/0 14:18 2:09 1:40
Nikolai Kulemin 0 1 1 -1 0 3 1 0 0 0 1/1 17:59 2:11 0:00
Peter Schaefer 0 0 0 0 0 0 0 0 0 0 0/0 0:07 0:00 0:07
Richard Park 0 0 0 -1 0 4 2 1 1 1 0/0 14:12 0:00 2:44
Ryan Ellis 0 2 2 1 0 0 0 1 0 0 0/0 21:14 2:01 1:45
Sami Vatanen 0 0 0 -1 0 0 0 0 0 1 0/0 16:40 2:01 0:00
Shawn Belle 0 0 0 -2 0 1 1 0 0 0 0/0 13:55 0:00 2:14
Tyler Kennedy 1 0 1 -1 5 2 3 1 0 1 0/1 17:42 2:08 0:30
Zac Rinaldo 0 0 0 -1 0 0 2 0 0 0 0/0 10:21 0:00 0:00
Zack Kassian 0 0 0 1 0 0 2 0 0 0 0/0 14:01 2:08 0:00
Players Stats for Sewer Rats
Player Name G A P +/- PIM S H SB GA TA FO MP PP MP PK MP
------------------------------------------------------------------------------------
Brandon Sutter 0 0 0 1 0 1 1 0 0 0 7/9 15:13 2:04 0:48
Chad Denny 0 0 0 1 0 0 1 0 0 0 0/0 13:21 0:00 0:25
Derek Dorsett 0 0 0 1 0 2 2 0 0 0 0/0 11:59 0:46 0:00
Evan Brophey 0 0 0 0 0 0 0 0 0 0 0/0 0:00 0:00 0:00
John Lammers 0 0 0 1 0 0 0 0 0 0 0/0 12:56 0:31 1:29
John-Michael Liles 0 2 2 1 0 1 0 1 0 0 0/0 22:13 2:46 2:32
Jordan Caron 0 0 0 0 0 0 1 0 0 0 0/0 10:01 0:26 0:00
Kyle Quincey 0 0 0 0 0 3 0 2 1 0 0/0 19:02 2:55 1:32
Kyle Turris 1 0 1 1 0 2 0 0 0 0 1/3 12:21 0:57 0:11
Lars Eller 0 0 0 0 0 0 0 0 0 0 1/2 9:35 0:00 0:00
Mark Mancari 2 1 3 0 0 4 3 0 0 0 0/1 18:58 2:40 0:26
Mattias Ekholm 0 0 0 0 0 0 0 0 0 0 0/0 5:14 0:00 0:26
Mike Funk 0 0 0 1 0 0 0 0 1 0 0/0 14:25 0:00 0:00
Nick Palmieri 0 1 1 1 2 1 3 0 0 0 0/0 14:45 2:25 0:00
Patrick Bordeleau 0 0 0 0 2 0 1 1 0 0 0/0 9:35 0:00 0:00
Ryan Maki 0 0 0 0 0 0 0 0 0 0 0/0 0:00 0:00 0:00
Steven Kampfer 0 0 0 0 0 0 3 1 1 2 0/0 19:28 2:55 1:23
Steven Reinprecht 1 3 4 0 0 3 2 1 1 0 12/22 21:25 2:35 2:35
Tim Ramholt 1 2 3 1 0 5 2 2 1 1 0/0 26:17 2:46 2:42
Tom Sestito 0 0 0 0 0 0 0 0 0 0 0/0 0:20 0:00 0:20
Ville Leino 1 3 4 0 2 5 2 1 0 0 0/1 20:21 2:35 1:32
Vojtech Polak 0 0 0 1 0 1 2 0 1 0 0/0 16:31 2:04 1:39
3 Stars
1 - Mark Mancari (Tol)
2 - Steven Reinprecht (Tol)
3 - Tim Ramholt (Tol)
Power Play
Monarchs - 0 on 3 Attempt(s) - 0,00%
Sewer Rats - 1 on 3 Attempt(s) - 33,33%
Penalty Kill
Monarchs - 2 on 3 Attempt(s) - 66,67%
- Score 0 goal in Penalty Kill
Sewer Rats - 3 on 3 Attempt(s) - 100,00%
- Score 0 goal in Penalty Kill
Team Stat
Monarchs - Hits : 27 - Faceoff Wins : 17 - Blocked Shots : 5 - Penalty Minutes : 9
Sewer Rats - Hits : 23 - Faceoff Wins : 21 - Blocked Shots : 9 - Penalty Minutes : 6
Official
Referees : Kowal Tom and Rooney Chris
Linesman : Michel Cormier and Darren Gibbs
Game Notes
James Reimer enters game at 2:17 of 3rd period
Finance
Level 1 -- Attendance: 1624 (81,20%) -- Ticket Income 48 720 $
Level 2 -- Attendance: 807 (80,70%) -- Ticket Income 9 684 $
Total Attendance: 2431 (81,03%)
Total Ticket Income: 58 404 $
Other Income: 2 920 $
Total Income: 61 324 $
Monarchs
5 vs 5 Forward
Center Left Wing Right Wing Time % Phy DF OF
1 Jordan Nolan Nikolai Kulemin Tyler Kennedy 40 1 2 2
2 Jarret Stoll Brock Trotter Zack Kassian 30 1 2 2
3 Marek Zagrapan Matt Martin Richard Park 20 1 2 2
4 Dana Tyrell Zac Rinaldo Jay Beagle 10 1 2 2
5 vs 5 Defense
Defense Defense Time % Phy DF OF
1 Cody Franson Ryan Ellis 40 1 2 2
2 Keith Ballard Sami Vatanen 30 1 2 2
3 Shawn Belle Matt Irwin 20 1 2 2
4 Frederic St-Denis Matt Irwin 10 1 2 2
PowerPlay Forward
Center Left Wing Right Wing Time % Phy DF OF
1 Jarret Stoll Nikolai Kulemin Zack Kassian 60 1 2 2
2 Jordan Nolan Matt Martin Tyler Kennedy 40 0 1 4
PowerPlay Defense
Defense Defense Time % Phy DF OF
1 Ryan Ellis Sami Vatanen 60 0 2 3
2 Matt Irwin Cody Franson 40 0 2 3
Penalty Kill 4 Players Forward
Center Wing Time % Phy DF OF
1 Jarret Stoll Richard Park 60 1 2 2
2 Dana Tyrell Tyler Kennedy 40 1 2 2
Penalty Kill 4 Players Defense
Defense Defense Time % Phy DF OF
1 Keith Ballard Cody Franson 60 1 2 2
2 Frederic St-Denis Shawn Belle 40 1 2 2
Penalty Kill - 3 Players Forward
Forward Time % Phy DF OF
1 Jordan Nolan 60 1 2 2
2 Jarret Stoll 40 1 2 2
Penalty Kill - 3 Players Defense
Defense Defense Time % Phy DF OF
1 Keith Ballard Cody Franson 60 1 2 2
2 Frederic St-Denis Shawn Belle 40 1 2 2
4 vs 4 Forward
Center Wing Time % Phy DF OF
1 Jarret Stoll Nikolai Kulemin 60 1 2 2
2 Jordan Nolan Richard Park 40 1 2 2
4 vs 4 Defense
Defense Defense Time % Phy DF OF
1 Keith Ballard Cody Franson 60 1 2 2
2 Matt Irwin Shawn Belle 40 1 2 2
Last Minutes Offensive
Center Left Wing Right Wing Defense Defense
Jarret Stoll Nikolai Kulemin Zack Kassian Keith Ballard Cody Franson
Last Minutes Defensive
Center Left Wing Right Wing Defense Defense
Jarret Stoll Matt Martin Zack Kassian Keith Ballard Cody Franson
Goaltenders
Starting : Richard Bachman
Backup : James Reimer
Extra Forwards
Normal : Marek Zagrapan, Jay Beagle, Matt Martin - PP : Marek Zagrapan, Jay Beagle - PK : Matt Martin
Extra Defensemen
Normal : Cody Franson, Ryan Ellis, Sami Vatanen - PP : Keith Ballard - PK : Ryan Ellis, Matt Irwin
Penalty Shots
Nikolai Kulemin, Jarret Stoll, Peter Schaefer, Tyler Kennedy, Jordan Nolan
Sewer Rats
5 vs 5 Forward
Center Left Wing Right Wing Time % Phy DF OF
1 Steven Reinprecht Ville Leino Mark Mancari 40 1 2 2
2 Brandon Sutter Vojtech Polak Nick Palmieri 30 1 2 2
3 Kyle Turris John Lammers Derek Dorsett 20 1 2 2
4 Lars Eller Patrick Bordeleau Jordan Caron 10 1 2 2
5 vs 5 Defense
Defense Defense Time % Phy DF OF
1 Tim Ramholt John-Michael Liles 40 1 2 2
2 Kyle Quincey Steven Kampfer 30 1 2 2
3 Mike Funk Chad Denny 20 1 2 2
4 Mattias Ekholm Tim Ramholt 10 1 2 2
PowerPlay Forward
Center Left Wing Right Wing Time % Phy DF OF
1 Steven Reinprecht Ville Leino Mark Mancari 60 1 2 2
2 Brandon Sutter Vojtech Polak Nick Palmieri 40 1 2 2
PowerPlay Defense
Defense Defense Time % Phy DF OF
1 Tim Ramholt John-Michael Liles 60 1 2 2
2 Kyle Quincey Steven Kampfer 40 1 2 2
Penalty Kill 4 Players Forward
Center Wing Time % Phy DF OF
1 Steven Reinprecht Ville Leino 60 1 2 2
2 Mark Mancari Vojtech Polak 40 1 2 2
Penalty Kill 4 Players Defense
Defense Defense Time % Phy DF OF
1 Tim Ramholt John-Michael Liles 60 1 2 2
2 Kyle Quincey Steven Kampfer 40 1 2 2
Penalty Kill - 3 Players Forward
Forward Time % Phy DF OF
1 Steven Reinprecht 60 1 2 2
2 Ville Leino 40 1 2 2
Penalty Kill - 3 Players Defense
Defense Defense Time % Phy DF OF
1 Tim Ramholt John-Michael Liles 60 1 2 2
2 Kyle Quincey Steven Kampfer 40 1 2 2
4 vs 4 Forward
Center Wing Time % Phy DF OF
1 Steven Reinprecht Ville Leino 60 1 2 2
2 Mark Mancari Vojtech Polak 40 1 2 2
4 vs 4 Defense
Defense Defense Time % Phy DF OF
1 Tim Ramholt John-Michael Liles 60 1 2 2
2 Kyle Quincey Steven Kampfer 40 1 2 2
Last Minutes Offensive
Center Left Wing Right Wing Defense Defense
Steven Reinprecht Ville Leino Mark Mancari Tim Ramholt John-Michael Liles
Last Minutes Defensive
Center Left Wing Right Wing Defense Defense
Steven Reinprecht Ville Leino Mark Mancari Tim Ramholt John-Michael Liles
Goaltenders
Starting : Jhonas Enroth
Backup : Semyon Varlamov
Extra Forwards
Normal : Derek Dorsett, Kyle Turris, John Lammers - PP : Derek Dorsett, Kyle Turris - PK : John Lammers
Extra Defensemen
Normal : Mike Funk, Chad Denny, Mattias Ekholm - PP : Mike Funk - PK : Chad Denny, Mattias Ekholm
Penalty Shots
Steven Reinprecht, Ville Leino, Mark Mancari, Vojtech Polak, Brandon Sutter
% Time on Ice - Monarchs
Lines # - Real PCT - Wanted PCT - Time Play
Normal Forward
1 - 34% - 40% - 16:27
2 - 25% - 30% - 11:58
3 - 20% - 20% - 9:36
4 - 21% - 10% - 10:21
Normal Defense
1 - 36% - 40% - 17:28
2 - 29% - 30% - 13:58
3 - 22% - 20% - 10:48
4 - 13% - 10% - 6:08
PP Forward
1 - 52% - 60% - 2:21
2 - 48% - 40% - 2:09
PP Defense
1 - 45% - 60% - 2:01
2 - 55% - 40% - 2:29
PK Forward
1 - 73% - 60% - 4:10
2 - 27% - 40% - 1:31
PK Defense
1 - 61% - 60% - 3:27
2 - 39% - 40% - 2:14
PK3 Forward
1 - 0% - 60%
2 - 0% - 40%
PK3 Defense
1 - 0% - 60%
2 - 0% - 40%
44 Forward
1 - 74% - 60% - 1:04
2 - 26% - 40% - 0:23
44 Defense
1 - 59% - 60% - 0:51
2 - 41% - 40% - 0:36
Last Minute Offensive - 0:00
Last Minute Defensive - 0:00
Total
Forward - 60:00
Defense - 60:00
|
% Time on Ice - Sewer Rats
Lines # - Real PCT - Wanted PCT - Time Play
Normal Forward
1 - 32% - 40% - 15:30
2 - 26% - 30% - 12:21
3 - 23% - 20% - 10:56
4 - 20% - 10% - 9:35
Normal Defense
1 - 33% - 40% - 16:05
2 - 30% - 30% - 14:34
3 - 27% - 20% - 12:56
4 - 10% - 10% - 4:47
PP Forward
1 - 64% - 60% - 3:37
2 - 36% - 40% - 2:04
PP Defense
1 - 49% - 60% - 2:46
2 - 51% - 40% - 2:55
PK Forward
1 - 90% - 60% - 4:04
2 - 10% - 40% - 0:26
PK Defense
1 - 66% - 60% - 2:58
2 - 34% - 40% - 1:32
PK3 Forward
1 - 0% - 60%
2 - 0% - 40%
PK3 Defense
1 - 0% - 60%
2 - 0% - 40%
44 Forward
1 - 71% - 60% - 1:02
2 - 29% - 40% - 0:25
44 Defense
1 - 59% - 60% - 0:51
2 - 41% - 40% - 0:36
Last Minute Offensive - 0:00
Last Minute Defensive - 0:00
Total
Forward - 60:00
Defense - 60:00
|
Play by Play
1st period
0:01 of 1st period - Steven Reinprecht wins face-off versus Jordan Nolan in neutral zone.
0:04 of 1st period - Slapshot by John-Michael Liles.
0:04 of 1st period - Shot Misses the Net.
0:12 of 1st period - Steven Reinprecht is hit by Cody Franson and loses puck.
0:45 of 1st period - Off-side.
0:46 of 1st period - Marek Zagrapan wins face-off versus Kyle Turris in neutral zone.
1:39 of 1st period - Snap shot by Mark Mancari.
1:39 of 1st period - Stopped by Richard Bachman without a rebound.
1:40 of 1st period - Brandon Sutter wins face-off versus Dana Tyrell in Monarchs zone.
2:07 of 1st period - Mattias Ekholm is hit by Tyler Kennedy and loses puck.
2:12 of 1st period - Snap shot by Nikolai Kulemin.
2:12 of 1st period - Shot Hit the Post.
2:16 of 1st period - Snap shot by Tyler Kennedy.
2:16 of 1st period - Shot Blocked by Tim Ramholt.
2:18 of 1st period - Slapshot by Cody Franson.
2:18 of 1st period - Deflect By Ville Leino.
2:18 of 1st period - Stopped by Jhonas Enroth with a rebound.
4:00 of 1st period - Brandon Sutter is hit by Jordan Nolan and loses puck.
4:17 of 1st period - Snap shot by Jarret Stoll.
4:17 of 1st period - Stopped by Jhonas Enroth with a rebound.
4:39 of 1st period - Slapshot by Keith Ballard.
4:39 of 1st period - Shot Blocked by Kyle Quincey.
6:14 of 1st period - Shawn Belle is hit by Nick Palmieri and loses puck.
6:40 of 1st period - Backhand shot by Matt Irwin.
6:40 of 1st period - Shot Blocked by John-Michael Liles.
7:21 of 1st period - Tyler Kennedy is hit by Steven Reinprecht and loses puck.
7:54 of 1st period - Backhand shot by Jarret Stoll.
7:54 of 1st period - Shot Hit the Post.
8:44 of 1st period - Steven Kampfer is hit by Jordan Nolan and loses puck.
9:03 of 1st period - Minor Penalty to Patrick Bordeleau for Holding.
9:04 of 1st period - Steven Reinprecht wins face-off versus Jarret Stoll in Sewer Rats zone.
9:09 of 1st period - Jarret Stoll is hit by Ville Leino and loses puck.
9:18 of 1st period - Ville Leino is hit by Jarret Stoll and loses puck.
9:39 of 1st period - Wrist shot by Tyler Kennedy.
9:39 of 1st period - Shot Misses the Net.
11:03 of 1st period - Penalty to Patrick Bordeleau is over, Patrick Bordeleau is back on ice.
11:12 of 1st period - Chad Denny is hit by Zac Rinaldo and loses puck.
11:17 of 1st period - Snap shot by Jay Beagle.
11:17 of 1st period - Stopped by Jhonas Enroth with a rebound.
11:21 of 1st period - Snap shot by Jay Beagle.
11:21 of 1st period - Stopped by Jhonas Enroth with a rebound.
12:24 of 1st period - Marek Zagrapan is hit by Steven Kampfer and loses puck.
13:09 of 1st period - Icing by Brandon Sutter.
13:10 of 1st period - Kyle Turris wins face-off versus Dana Tyrell in Sewer Rats zone.
13:24 of 1st period - Jay Beagle is hit by Derek Dorsett and loses puck.
13:37 of 1st period - Snap shot by Brock Trotter.
13:37 of 1st period - Goal by Brock Trotter - Monarchs : 1 - Sewer Rats : 0.
13:38 of 1st period - Steven Reinprecht wins face-off versus Jordan Nolan in neutral zone.
13:45 of 1st period - Snap shot by Steven Reinprecht.
13:45 of 1st period - Stopped by Richard Bachman with a rebound.
13:47 of 1st period - Slapshot by Tim Ramholt.
13:47 of 1st period - Stopped by Richard Bachman with a rebound.
13:49 of 1st period - Wrist shot by Tim Ramholt.
13:49 of 1st period - Deflect By Jordan Nolan.
13:49 of 1st period - Stopped by Richard Bachman with a rebound.
13:51 of 1st period - Wrist shot by Mark Mancari.
13:51 of 1st period - Goal by Mark Mancari - Monarchs : 1 - Sewer Rats : 1.
13:52 of 1st period - Jordan Nolan wins face-off versus Steven Reinprecht in neutral zone.
14:01 of 1st period - Wrist shot by Nikolai Kulemin.
14:01 of 1st period - Stopped by Jhonas Enroth with a rebound.
14:55 of 1st period - Wrist shot by John Lammers.
14:55 of 1st period - Shot Misses the Net.
15:11 of 1st period - Snap shot by Kyle Turris.
15:11 of 1st period - Stopped by Richard Bachman with a rebound.
15:33 of 1st period - Slapshot by Matt Irwin.
15:33 of 1st period - Stopped by Jhonas Enroth with a rebound.
15:35 of 1st period - Wrist shot by Dana Tyrell.
15:35 of 1st period - Shot Misses the Net.
15:37 of 1st period - Slapshot by Shawn Belle.
15:37 of 1st period - Stopped by Jhonas Enroth with a rebound.
15:39 of 1st period - Wrist shot by Jay Beagle.
15:39 of 1st period - Stopped by Jhonas Enroth without a rebound.
15:40 of 1st period - Jordan Nolan wins face-off versus Ville Leino in Sewer Rats zone.
15:41 of 1st period - Snap shot by Nikolai Kulemin.
15:41 of 1st period - Stopped by Jhonas Enroth with a rebound.
16:07 of 1st period - Ryan Ellis is hit by Tim Ramholt and loses puck.
16:45 of 1st period - Wrist shot by Ville Leino.
16:45 of 1st period - Stopped by Richard Bachman with a rebound.
17:21 of 1st period - Slapshot by Marek Zagrapan.
17:21 of 1st period - Shot Misses the Net.
19:21 of 1st period - Keith Ballard is hit by Mark Mancari and loses puck.
Goals for this period are 1 for Monarchs vs 1 for Sewer Rats.
Shots for this period are 10 for Monarchs vs 7 for Sewer Rats.
2nd period
0:01 of 2nd period - Jordan Nolan wins face-off versus Steven Reinprecht in neutral zone.
0:12 of 2nd period - Slapshot by Ville Leino.
0:12 of 2nd period - Stopped by Richard Bachman with a rebound.
0:30 of 2nd period - Snap shot by Marek Zagrapan.
0:30 of 2nd period - Stopped by Jhonas Enroth without a rebound.
0:31 of 2nd period - Brandon Sutter wins face-off versus Marek Zagrapan in Sewer Rats zone.
0:37 of 2nd period - Minor Penalty to Keith Ballard for High sticking.
0:38 of 2nd period - Steven Reinprecht wins face-off versus Jarret Stoll in Monarchs zone.
2:34 of 2nd period - Steven Reinprecht is hit by Matt Martin and loses puck.
2:37 of 2nd period - Penalty to Keith Ballard is over, Keith Ballard is back on ice.
2:41 of 2nd period - Snap shot by Keith Ballard.
2:41 of 2nd period - Stopped by Jhonas Enroth with a rebound.
2:43 of 2nd period - Slapshot by Matt Irwin.
2:43 of 2nd period - Shot Misses the Net.
3:22 of 2nd period - Slapshot by Keith Ballard.
3:22 of 2nd period - Shot Misses the Net.
3:24 of 2nd period - Snap shot by Richard Park.
3:24 of 2nd period - Stopped by Jhonas Enroth with a rebound.
3:26 of 2nd period - Wrist shot by Ryan Ellis.
3:26 of 2nd period - Deflect By Richard Park.
3:26 of 2nd period - Stopped by Jhonas Enroth with a rebound.
3:42 of 2nd period - Snap shot by Kyle Quincey.
3:42 of 2nd period - Shot Misses the Net.
3:58 of 2nd period - Wrist shot by Richard Park.
3:58 of 2nd period - Stopped by Jhonas Enroth with a rebound.
4:00 of 2nd period - Wrist shot by Richard Park.
4:00 of 2nd period - Stopped by Jhonas Enroth with a rebound.
4:04 of 2nd period - Snap shot by Keith Ballard.
4:04 of 2nd period - Stopped by Jhonas Enroth without a rebound.
4:05 of 2nd period - Jordan Nolan wins face-off versus Brandon Sutter in Sewer Rats zone.
4:06 of 2nd period - Slapshot by Cody Franson.
4:06 of 2nd period - Stopped by Jhonas Enroth without a rebound.
4:07 of 2nd period - Brandon Sutter wins face-off versus Jordan Nolan in Sewer Rats zone.
4:18 of 2nd period - Slapshot by Nick Palmieri.
4:18 of 2nd period - Stopped by Richard Bachman with a rebound.
4:20 of 2nd period - Wrist shot by Tim Ramholt.
4:20 of 2nd period - Goal by Tim Ramholt - Monarchs : 1 - Sewer Rats : 2.
4:21 of 2nd period - Brandon Sutter wins face-off versus Jarret Stoll in neutral zone.
4:28 of 2nd period - Slapshot by John-Michael Liles.
4:28 of 2nd period - Stopped by Richard Bachman without a rebound.
4:29 of 2nd period - Brandon Sutter wins face-off versus Jarret Stoll in Monarchs zone.
4:34 of 2nd period - Snap shot by Brandon Sutter.
4:34 of 2nd period - Shot Blocked by Keith Ballard.
5:00 of 2nd period - Off-side.
5:01 of 2nd period - Jordan Nolan wins face-off versus Kyle Turris in neutral zone.
5:33 of 2nd period - Slapshot by Matt Irwin.
5:33 of 2nd period - Shot Misses the Net.
5:49 of 2nd period - Slapshot by Steven Reinprecht.
5:49 of 2nd period - Shot Misses the Net.
6:03 of 2nd period - Slapshot by Matt Irwin.
6:03 of 2nd period - Shot Blocked by Ville Leino.
6:05 of 2nd period - Wrist shot by Jay Beagle.
6:05 of 2nd period - Stopped by Jhonas Enroth without a rebound.
6:06 of 2nd period - Brandon Sutter wins face-off versus Jordan Nolan in Sewer Rats zone.
6:33 of 2nd period - John Lammers is hit by Cody Franson and loses puck.
6:59 of 2nd period - Icing by Ville Leino.
7:00 of 2nd period - Jordan Nolan wins face-off versus Steven Reinprecht in Sewer Rats zone.
7:15 of 2nd period - Snap shot by Steven Reinprecht.
7:15 of 2nd period - Stopped by Richard Bachman without a rebound.
7:16 of 2nd period - Jarret Stoll wins face-off versus Brandon Sutter in Monarchs zone.
8:33 of 2nd period - Backhand shot by Ville Leino.
8:33 of 2nd period - Goal by Ville Leino - Monarchs : 1 - Sewer Rats : 3.
8:34 of 2nd period - Steven Reinprecht wins face-off versus Jordan Nolan in neutral zone.
8:43 of 2nd period - Slapshot by Mark Mancari.
8:43 of 2nd period - Stopped by Richard Bachman with a rebound.
8:45 of 2nd period - Snap shot by Ville Leino.
8:45 of 2nd period - Stopped by Richard Bachman with a rebound.
8:47 of 2nd period - Backhand shot by Ville Leino.
8:47 of 2nd period - Shot Misses the Net.
8:49 of 2nd period - Snap shot by Ville Leino.
8:49 of 2nd period - Shot Misses the Net.
9:48 of 2nd period - Mark Mancari is hit by Tyler Kennedy and loses puck.
10:04 of 2nd period - Icing by Nikolai Kulemin.
10:05 of 2nd period - Lars Eller wins face-off versus Jordan Nolan in Monarchs zone.
10:06 of 2nd period - Snap shot by Kyle Quincey.
10:06 of 2nd period - Stopped by Richard Bachman with a rebound.
10:39 of 2nd period - Wrist shot by Vojtech Polak.
10:39 of 2nd period - Stopped by Richard Bachman with a rebound.
10:49 of 2nd period - Snap shot by Tyler Kennedy.
10:49 of 2nd period - Shot Misses the Net.
10:51 of 2nd period - Wrist shot by Ryan Ellis.
10:51 of 2nd period - Deflect By Nikolai Kulemin.
10:51 of 2nd period - Shot Blocked by Kyle Quincey.
10:51 of 2nd period - Puck is out of play.
10:52 of 2nd period - Jarret Stoll wins face-off versus Steven Reinprecht in Sewer Rats zone.
10:57 of 2nd period - Slapshot by Jarret Stoll.
10:57 of 2nd period - Stopped by Jhonas Enroth with a rebound.
11:17 of 2nd period - John Lammers is hit by Matt Martin and loses puck.
11:40 of 2nd period - Snap shot by Dana Tyrell.
11:40 of 2nd period - Stopped by Jhonas Enroth with a rebound.
12:03 of 2nd period - Snap shot by Mark Mancari.
12:03 of 2nd period - Shot Blocked by Ryan Ellis.
13:04 of 2nd period - Wrist shot by Mark Mancari.
13:04 of 2nd period - Shot Misses the Net.
13:06 of 2nd period - Wrist shot by Steven Reinprecht.
13:06 of 2nd period - Shot Misses the Net.
13:08 of 2nd period - Snap shot by Kyle Quincey.
13:08 of 2nd period - Shot Misses the Net.
13:42 of 2nd period - Marek Zagrapan is hit by Chad Denny and loses puck.
16:09 of 2nd period - Steven Kampfer is hit by Zac Rinaldo and loses puck.
17:00 of 2nd period - Nikolai Kulemin is hit by Patrick Bordeleau and loses puck.
17:07 of 2nd period - Lars Eller is hit by Jordan Nolan and loses puck.
17:22 of 2nd period - Derek Dorsett is hit by Keith Ballard and loses puck.
17:53 of 2nd period - Matt Martin is hit by Nick Palmieri and loses puck.
18:08 of 2nd period - Slapshot by Tim Ramholt.
18:08 of 2nd period - Stopped by Richard Bachman without a rebound.
18:09 of 2nd period - Jarret Stoll wins face-off versus Lars Eller in Monarchs zone.
18:27 of 2nd period - Lars Eller is hit by Jordan Nolan and loses puck.
18:49 of 2nd period - Zac Rinaldo is hit by Tim Ramholt and loses puck.
19:16 of 2nd period - Backhand shot by Brandon Sutter.
19:16 of 2nd period - Stopped by Richard Bachman with a rebound.
19:47 of 2nd period - Wrist shot by Ville Leino.
19:47 of 2nd period - Deflect By Steven Reinprecht.
19:47 of 2nd period - Goal by Steven Reinprecht - Monarchs : 1 - Sewer Rats : 4.
19:48 of 2nd period - Steven Reinprecht wins face-off versus Jordan Nolan in neutral zone.
19:51 of 2nd period - Wrist shot by Kyle Quincey.
19:51 of 2nd period - Stopped by Richard Bachman without a rebound.
19:52 of 2nd period - Nikolai Kulemin wins face-off versus Steven Reinprecht in Monarchs zone.
Goals for this period are 0 for Monarchs vs 3 for Sewer Rats.
Shots for this period are 11 for Monarchs vs 14 for Sewer Rats.
3rd period
0:01 of 3rd period - Steven Reinprecht wins face-off versus Jordan Nolan in neutral zone.
0:04 of 3rd period - Wrist shot by John-Michael Liles.
0:04 of 3rd period - Deflect By Ville Leino.
0:04 of 3rd period - Shot Misses the Net.
0:04 of 3rd period - Puck is out of play.
0:05 of 3rd period - Jordan Nolan wins face-off versus Steven Reinprecht in Monarchs zone.
0:12 of 3rd period - Wrist shot by Jordan Nolan.
0:12 of 3rd period - Shot Blocked by Steven Reinprecht.
0:14 of 3rd period - Slapshot by Jordan Nolan.
0:14 of 3rd period - Goal by Jordan Nolan - Monarchs : 2 - Sewer Rats : 4.
0:15 of 3rd period - Steven Reinprecht wins face-off versus Tyler Kennedy in neutral zone.
0:29 of 3rd period - Wrist shot by Tyler Kennedy.
0:29 of 3rd period - Deflect By Mark Mancari.
0:29 of 3rd period - Shot Blocked by Tim Ramholt.
0:29 of 3rd period - Puck is out of play.
0:30 of 3rd period - Brandon Sutter wins face-off versus Jarret Stoll in Sewer Rats zone.
0:37 of 3rd period - Wrist shot by Brock Trotter.
0:37 of 3rd period - Stopped by Jhonas Enroth with a rebound.
1:09 of 3rd period - Tyler Kennedy is hit by Mark Mancari and loses puck.
1:20 of 3rd period - Ryan Ellis is hit by Derek Dorsett and loses puck.
1:55 of 3rd period - Lars Eller is hit by Jarret Stoll and loses puck.
2:07 of 3rd period - Minor Penalty to Jay Beagle for Hooking.
2:08 of 3rd period - Steven Reinprecht wins face-off versus Jarret Stoll in Monarchs zone.
2:15 of 3rd period - Snap shot by Steven Reinprecht.
2:15 of 3rd period - Shot Blocked by Richard Park.
2:17 of 3rd period - Slapshot by Mark Mancari.
2:17 of 3rd period - Goal by Mark Mancari - Monarchs : 2 - Sewer Rats : 5.
2:17 of 3rd period - James Reimer enters game.
2:18 of 3rd period - Jordan Nolan wins face-off versus Mark Mancari in neutral zone.
2:25 of 3rd period - Snap shot by Tyler Kennedy.
2:25 of 3rd period - Stopped by Jhonas Enroth without a rebound.
2:26 of 3rd period - Steven Reinprecht wins face-off versus Jordan Nolan in Sewer Rats zone.
2:36 of 3rd period - Keith Ballard is hit by Steven Reinprecht.
2:46 of 3rd period - Wrist shot by Nikolai Kulemin.
2:46 of 3rd period - Stopped by Jhonas Enroth with a rebound.
2:48 of 3rd period - Backhand shot by Tyler Kennedy.
2:48 of 3rd period - Goal by Tyler Kennedy - Monarchs : 3 - Sewer Rats : 5.
2:49 of 3rd period - Steven Reinprecht wins face-off versus Jarret Stoll in neutral zone.
3:10 of 3rd period - Minor Penalty to Ville Leino for Interference.
3:11 of 3rd period - Jarret Stoll wins face-off versus Steven Reinprecht in Sewer Rats zone.
3:42 of 3rd period - John Lammers is hit by Cody Franson.
3:58 of 3rd period - Brandon Sutter is hit by Zack Kassian.
4:12 of 3rd period - Matt Martin is hit by Vojtech Polak and loses puck.
4:52 of 3rd period - Sami Vatanen is hit by Steven Kampfer and loses puck.
5:10 of 3rd period - Penalty to Ville Leino is over, Ville Leino is back on ice.
6:48 of 3rd period - Snap shot by Kyle Quincey.
6:48 of 3rd period - Stopped by James Reimer with a rebound.
7:58 of 3rd period - Jordan Caron is hit by Richard Park and loses puck.
8:28 of 3rd period - Frederic St-Denis is hit by Nick Palmieri and loses puck.
8:46 of 3rd period - Wrist shot by Ville Leino.
8:46 of 3rd period - Stopped by James Reimer with a rebound.
8:56 of 3rd period - Tim Ramholt is hit by Tyler Kennedy.
9:51 of 3rd period - Slapshot by Tim Ramholt.
9:51 of 3rd period - Stopped by James Reimer with a rebound.
9:53 of 3rd period - Snap shot by Kyle Turris.
9:53 of 3rd period - Goal by Kyle Turris - Monarchs : 3 - Sewer Rats : 6.
9:54 of 3rd period - Jordan Nolan wins face-off versus Steven Reinprecht in neutral zone.
10:05 of 3rd period - Wrist shot by Tyler Kennedy.
10:05 of 3rd period - Shot Blocked by Steven Kampfer.
10:25 of 3rd period - Wrist shot by Kyle Turris.
10:25 of 3rd period - Shot Blocked by Tyler Kennedy.
10:29 of 3rd period - Snap shot by Derek Dorsett.
10:29 of 3rd period - Shot Misses the Net.
10:33 of 3rd period - Snap shot by Derek Dorsett.
10:33 of 3rd period - Stopped by James Reimer with a rebound.
10:46 of 3rd period - Minor Penalty to Nick Palmieri for Hooking.
10:47 of 3rd period - Jarret Stoll wins face-off versus Steven Reinprecht in Sewer Rats zone.
11:18 of 3rd period - Major Penalty to Tyler Kennedy for Boarding.
11:19 of 3rd period - Steven Reinprecht wins face-off versus Jarret Stoll in Monarchs zone.
11:50 of 3rd period - Cody Franson is hit by Ville Leino.
12:10 of 3rd period - Shawn Belle is hit by Mark Mancari and loses puck.
12:46 of 3rd period - Penalty to Nick Palmieri is over, Nick Palmieri is back on ice.
13:06 of 3rd period - Slapshot by Derek Dorsett.
13:06 of 3rd period - Stopped by James Reimer without a rebound.
13:07 of 3rd period - Jarret Stoll wins face-off versus Steven Reinprecht in Monarchs zone.
13:18 of 3rd period - Tim Ramholt is hit by Richard Park and loses puck.
13:31 of 3rd period - Matt Martin is hit by Brandon Sutter.
14:41 of 3rd period - Tim Ramholt is hit by Dana Tyrell and loses puck.
16:18 of 3rd period - Penalty to Tyler Kennedy is over, Tyler Kennedy is back on ice.
16:28 of 3rd period - Jordan Caron is hit by Shawn Belle and loses puck.
16:51 of 3rd period - Mike Funk is hit by Marek Zagrapan and loses puck.
17:02 of 3rd period - Derek Dorsett is hit by Jordan Nolan and loses puck.
17:18 of 3rd period - Keith Ballard is hit by Jordan Caron and loses puck.
17:21 of 3rd period - Wrist shot by Jay Beagle.
17:21 of 3rd period - Shot Blocked by Patrick Bordeleau.
17:33 of 3rd period - Mark Mancari is hit by Zack Kassian and loses puck.
17:48 of 3rd period - Tim Ramholt is hit by Marek Zagrapan and loses puck.
18:39 of 3rd period - Kyle Turris is hit by Nikolai Kulemin and loses puck.
18:52 of 3rd period - Slapshot by Lars Eller.
18:52 of 3rd period - Shot Blocked by Matt Irwin.
19:27 of 3rd period - Brock Trotter is hit by Vojtech Polak and loses puck.
19:38 of 3rd period - Ryan Ellis is hit by Steven Kampfer and loses puck.
Goals for this period are 2 for Monarchs vs 2 for Sewer Rats.
Shots for this period are 5 for Monarchs vs 7 for Sewer Rats.
Output by the SimonT Hockey Simulator (STHS) for François Prévost -- Original Page W3C XHTML 1.0 Valid